 Dungeon Crawl Stone Soup version 0.21.1-1-g345015fe64 (webtiles) character file.

217 Htamos the Cudgeler (level 5, 0/53 HPs)
             Began as a Troll Berserker on July 5, 2018.
             Was a Believer of Trog.
             Slain by a sky beast (6 damage)
             ... on level 4 of the Dungeon.
             The game lasted 00:07:33 (2778 turns).

Htamos the Cudgeler (Troll Berserker)               Turns: 2778, Time: 00:07:33

Health: 0/53       AC:  5    Str: 25    XL:     5   Next: 62%
Magic:  4/4        EV: 11    Int:  3    God:    Trog [**....]
Gold:   237        SH:  0    Dex: 10    Spells: 4/4 levels left

rFire    . . .     SeeInvis .   a - +0 mace
rCold    . . .     Gourm    +   (no shield)
rNeg     . . .     Faith    .   b - +0 animal skin
rPois    .         Spirit   .   q - +0 hat
rElec    .         Reflect  .   (no cloak)
rCorr    .         Harm     .   (gloves unavailable)
MR       ++...                  (boots unavailable)
Stlth    +.........             (no amulet)
HPRegen  1.57/turn              (no ring)
MPRegen  0.09/turn              (no ring)

@: berserk cooldown, regenerating, slowed, very slow
A: large, unfitting armour, claws 3, fast metabolism 3, gourmand, regeneration
1, shaggy fur 1, tough skin 2
a: Berserk, Trog's Hand, Burn Spellbooks, Renounce Religion


You were on level 4 of the Dungeon.
You worshipped Trog.
Trog was pleased with you.
You were full.

You visited 1 branch of the dungeon, and saw 5 of its levels.

You collected 237 gold pieces.

Inventory:

Hand Weapons
 a - a +0 mace (weapon)
Armour
 b - a +0 animal skin (worn)
 q - a +0 hat (worn)
Scrolls
 d - 4 scrolls of teleportation {unknown}
 e - 2 scrolls of blinking {unknown}
 g - 6 scrolls of identify {unknown}
 i - 6 scrolls of remove curse {unknown}
 j - 2 scrolls of amnesia {unknown}
 k - 3 scrolls of fear {unknown}
 m - a scroll of magic mapping {unknown}
 n - 2 scrolls of immolation {unknown}
 p - a scroll of enchant armour {unknown}
 t - a scroll of random uselessness {unknown}
Potions
 f - a potion of magic {unknown}
 h - 2 potions of berserk rage
 l - a potion of might {unknown}
 o - a potion of haste {unknown}
 r - a potion of brilliance {unknown}
 s - a potion of flight {unknown}
Comestibles
 c - 13 rations


   Skills:
 * Level 3.2 Fighting
 + Level 4.2 Maces & Flails
 + Level 3.8 Dodging


You had 4 spell levels left.
You didn't know any spells.

Dungeon Overview and Level Annotations

Branches:
Dungeon (5/15)
 Temple: D:4-7

Altars:


Innate Abilities, Weirdness & Mutations

You are too large for most types of armour.
You have claws for hands.
Your metabolism is lightning-fast.
You like to eat raw meat.
Your natural rate of healing is unusually fast.
You are covered in fur. (AC +1)
You have very tough skin. (AC +2)


Message History

* * * LOW HITPOINT WARNING * * *
You barely miss something. Something barely misses you.
Something hits you but does no damage.
You miss something.
You feel the effects of Trog's Hand fading.
A sky beast appears from thin air!
Reactivating autopickup.
The sky beast barely misses you.
You hit the sky beast.
The sky beast is severely wounded.
The sky beast flickers out of sight!
Deactivating autopickup; reactivate with Ctrl-A.
Something hits you.
* * * LOW HITPOINT WARNING * * *
Something shocks you.
* * * LOW HITPOINT WARNING * * *
Something hits you.
* * * LOW HITPOINT WARNING * * *
Something shocks you.
You die...

###.#######.###.##########.###..#
..#.............................#
#....##.############..########.##
.....##....# #.........<.###>##
##...##.##.# #>###...###.##<..#
##....###.# #†# ##..# #.##....
#........# #.# #..# #.##...#
###.####.# #{# #..###.###### #.#
#.# #@# #............ #.# #.# #.#
#####..###### #####.####.# #####
##### ## ...........# ##...##
##...## ##. #.##.##..#.#
##.....###.....###.. ..##.##..#.#
#.......#.......#... ####.##..#.#
#.......#.......#... #.....#.#
#...(...#.......#... ####..#..#.#
##.)...###.....###..


There were no monsters in sight!

Vanquished Creatures
  A hound (D:4)
  2 worker ants (D:4)
  A hound skeleton (D:4)
  3 adders
  2 oozes
  An adder skeleton (D:4)
  3 worms
  A dart slug (D:4)
  4 leopard geckos
  4 orcs
  4 bats
  7 giant cockroaches
  13 goblins
  4 hobgoblins
  6 kobolds
  3 quokkas (D:3)
  3 frilled lizards
  8 rats
70 creatures vanquished.

Notes
Turn   | Place    | Note
-------+----------+-------------------------------------------
     0 | D:1      | Htamos the Troll Berserker began the quest for the Orb.
     0 | D:1      | Reached XP level 1. HP: 22/22 MP: 0/0
   139 | D:1      | Reached XP level 2. HP: 29/29 MP: 1/1
   762 | D:1      | Reached skill level 3 in Maces & Flails
  1055 | D:2      | Reached XP level 3. HP: 36/36 MP: 2/2
  1395 | D:2      | Reached ** piety under Trog
  1708 | D:3      | Reached XP level 4. HP: 40/44 MP: 3/3
  2221 | D:4      | HP: 2/45 [hound skeleton (2)]
  2223 | D:4      | Reached XP level 5. HP: 4/53 MP: 4/4
  2226 | D:4      | HP: 3/79 [poisoned by a worker ant]
  2228 | D:4      | HP: 1/53 [poisoned by a worker ant]
  2601 | D:4      | Reached skill level 4 in Maces & Flails
  2679 | D:5      | Entered Level 5 of the Dungeon
  2723 | D:5      | Noticed a sky beast
  2778 | D:4      | Slain by a sky beast

Skill      XL: |  1  2  3  4  5 |
---------------+----------------+-----
Maces & Flails | 3 4 |  4.2
Dodging        | 3 |  3.8
Fighting       | 3 |  3.2

Action                   |  1- 3 |  4- 6 || total
-------------------------+-------+-------++-------
Melee: Mace              |   133 |   112 ||   245
Invok: Berserk           |       |     1 ||     1
       Trog's Hand       |       |     1 ||     1
  Use: Potion            |       |     3 ||     3
 Stab: Sleeping          |     3 |       ||     3
  Eat: Chunk             |    21 |     8 ||    29
Armor: Animal skin       |    61 |    37 ||    98
Dodge: Dodged            |    89 |    92 ||   181
